 Dungeon Crawl Stone Soup version 0.19.1-1-g22dce08 (console) character file.

784 Kloppie the Skirmisher (level 7, -2/59 HPs)
             Began as a Demonspawn Fighter on Jan 8, 2017.
             Slain by a killer bee (3 damage)
             ... on level 5 of the Dungeon.
             The game lasted 00:05:59 (4536 turns).

Kloppie the Skirmisher (Demonspawn Fighter)         Turns: 4536, Time: 00:05:59

Health: -2/59      AC: 12    Str: 16    XL:     7   Next: 55%
Magic:  7/7        EV:  6    Int: 10    God:
Gold:   200        SH:  8    Dex: 14    Spells: 0 memorised, 6 levels left

rFire  . . .     SeeInvis .     a - +0 long sword
rCold  + . .     Gourm    .     b - +0 scale mail
rNeg   . . .     Faith    .     c - +0 shield
rPois  .         Spirit   .     (helmet restricted)
rElec  .         Reflect  .     (no cloak)
rCorr  .         Harm     .     (no gloves)
MR     .....                    (no boots)
Stlth  +.........               (no amulet)
                                (no ring)
                                (no ring)

@: lethally poisoned (-2 -> -21), about to teleport, sanguine armour
A: horns 2, cold resistance 1, nightstalker 1, sanguine armour 1
a: no special abilities


You were on level 5 of the Dungeon.
You were not hungry.

You visited 1 branch of the dungeon, and saw 5 of its levels.

You collected 200 gold pieces.

Inventory:

Hand Weapons
 a - a +0 long sword (weapon)
Armour
 b - a +0 scale mail (worn)
 c - a +0 shield (worn)
Scrolls
 d - 2 scrolls of teleportation
 e - 3 scrolls of remove curse
 j - 2 scrolls of amnesia
 k - 2 scrolls of fear
 l - a scroll of blinking {unknown}
 n - a scroll of noise {unknown}
 p - 3 scrolls of fog
 q - a scroll of recharging {unknown}
Books
 o - a Necronomicon

   Spells                             Type                      Level
   a - Haunt                          Necromancy/Summoning         7
   b - Borgnjor's Revivification      Necromancy                   8
   c - Death's Door                   Charms/Necromancy            8
   d - Infestation                    Necromancy                   8
   e - Necromutation                  Transmutation/Necromancy     8
Comestibles
 f - a bread ration
 g - 5 meat rations
 h - 2 royal jellies
 m - a beef jerky


   Skills:
 + Level 6.7 Fighting
 + Level 5.7 Long Blades
 - Level 2.6 Armour
 - Level 2.6 Shields


You had 6 spell levels left.
You didn't know any spells.

Dungeon Overview and Level Annotations

Branches:
Dungeon (5/15)             Temple (0/1) D:4

Altars:
Fedhas
Nemelex Xobeh
Uskayaw
Vehumet
Yredelemnul

Shops:
D:5 [

Annotations:
D:2 1 runed door
D:4 cuckmaster's ghost, novice OgBe


Innate Abilities, Weirdness & Mutations

You have a pair of horns on your head.
Your flesh is cold resistant. (rC+)
You are slightly more attuned to the shadows.
When seriously injured, your bleeding wounds create armour. (AC +6)


Message History

You feel strangely unstable.
* * * LOW HITPOINT WARNING * * *
You feel sick.
The killer bee stings you but does no damage. x2
You slash the killer bee! Your headbutt misses the killer bee.
The killer bee is heavily wounded.
* * * LOW HITPOINT WARNING * * *
You feel sick. The killer bee stings you.
* * * LOW HITPOINT WARNING * * *
You are more poisoned.
The killer bee poisons you!
The killer bee stings you but does no damage.
You block the killer bee's attack.
Your shield and scale mail prevent you from hitting the killer bee.
The killer bee is moderately wounded.
* * * LOW HITPOINT WARNING * * *
You feel sick. The killer bee stings you.
* * * LOW HITPOINT WARNING * * *
The killer bee stings you.
You die...

##########
##...##...##
##.......∩..##########
#..............@yyyyy.
#.....<......########.
#.[..........#
##..........##
##...##...##
##########


You could see 5 killer bees.

Vanquished Creatures
  Edmund (D:4)
  2 phantoms
  A scorpion (D:3)
  A killer bee (D:5)
  A howler monkey (D:4)
  An orc priest (D:3)
  A hound (D:3)
  A bullfrog skeleton (D:4)
  An iguana (D:4)
  3 worker ants
  7 adders
  2 gnolls (D:1)
  2 oozes
  An adder skeleton (D:4)
  2 worms
  2 dart slugs (D:1)
  A leopard gecko (D:3)
  10 orcs
  A ball python (D:5)
  5 giant cockroaches
  7 hobgoblins
  8 jackals
  A kobold (D:2)
  A quokka (D:2)
  9 bats
  7 frilled lizards
  6 goblins
  4 rats
89 creatures vanquished.

Notes
Turn   | Place    | Note
-------+----------+-------------------------------------------
     0 | D:1      | Kloppie the Demonspawn Fighter began the quest for the Orb.
     0 | D:1      | Reached XP level 1. HP: 18/18 MP: 1/1
   233 | D:1      | Gained mutation: You have a pair of small horns on your head. [demonic ancestry]
   233 | D:1      | Reached XP level 2. HP: 24/24 MP: 2/2
   396 | D:1      | Gained mutation: You are slightly more attuned to the shadows. [demonic ancestry]
   396 | D:1      | Reached XP level 3. HP: 7/30 MP: 3/3
   893 | D:2      | Found a blossoming altar of Fedhas.
  1079 | D:2      | Found a radiant altar of Vehumet.
  1402 | D:2      | Found a runed door.
  1447 | D:3      | Reached skill level 4 in Fighting
  1447 | D:3      | Reached XP level 4. HP: 35/37 MP: 4/4
  1858 | D:3      | Found a sparkling altar of Nemelex Xobeh.
  2005 | D:3      | Gained mutation: You have a pair of horns on your head. [demonic ancestry]
  2005 | D:3      | Reached XP level 5. HP: 28/43 MP: 5/5
  2266 | D:3      | Noticed a phantom
  2435 | D:3      | Found a hide-covered altar of Uskayaw.
  2459 | D:3      | Found a basalt altar of Yredelemnul.
  2558 | D:3      | Reached skill level 5 in Fighting
  2690 | D:3      | HP: 2/44 [poisoned by a worker ant]
  2693 | D:3      | Gained mutation: Your flesh is cold resistant. (rC+) [demonic ancestry]
  2693 | D:3      | Reached XP level 6. HP: 14/51 MP: 6/6
  2988 | D:4      | Noticed Edmund
  2997 | D:4      | Killed Edmund
  3039 | D:4      | Noticed cuckmaster's ghost (novice OgBe)
  3272 | D:3      | Gained mutation: Your flesh is very cold resistant. (rC++) [potion of beneficial mutation]
  3422 | D:3      | Lost mutation: Your flesh is very cold resistant. (rC++) [potion of cure mutation]
  3648 | D:4      | Found a staircase to the Ecumenical Temple.
  3683 | D:3      | Reached skill level 6 in Fighting
  3847 | D:3      | Reached skill level 5 in Long Blades
  3847 | D:3      | Gained mutation: When seriously injured, your bleeding wounds create armour. (AC +6) [demonic ancestry]
  3847 | D:3      | Reached XP level 7. HP: 28/58 MP: 7/7
  4355 | D:5      | Entered Level 5 of the Dungeon
  4355 | D:5      | Found Qis Xeh's Antique Armour Emporium.
  4536 | D:5      | HP: 1/59 [killer bee (3)]
  4536 | D:5      | Slain by a killer bee

Skill      XL: |  1  2  3  4  5  6 |
---------------+-------------------+-----
Long Blades    | 2 3 4 5 |  5.7
Fighting       | 4 5 6 |  6.7
Armour         | |  2.6
Shields        | |  2.6

Action                   |  1- 3 |  4- 6 |  7- 9 || total
-------------------------+-------+-------+-------++-------
Melee: Long sword        |    90 |   166 |    47 ||   303
       Headbutt          |    14 |    39 |    13 ||    66
  Use: Potion            |     1 |     7 |     1 ||     9
       Scroll            |       |     4 |     2 ||     6
  Eat: Chunk             |     2 |     8 |     2 ||    12
Armor: Scale mail        |    35 |    62 |    17 ||   114
Dodge: Dodged            |    23 |    53 |     9 ||    85
Block: Shield            |    43 |    94 |    28 ||   165
       Rpst.: Long sword |     6 |    16 |     2 ||    24
